 Dungeon Crawl Stone Soup version 0.27.1-37-g7b29ead8ac (webtiles) character file.

Game seed: 3949405153285516385

1268 Lorrdernie the Summoner (level 8, 31/31 HPs)
             Began as a Felid Summoner on Aug 12, 2023.
             Was an Initiate of Gozag.
             Quit the game on level 8 of the Dungeon.
             The game lasted 00:26:52 (11722 turns).

Lorrdernie the Summoner (Felid Summoner)           Turns: 11722, Time: 00:26:53

Health: 31/31      AC:  2    Str:  4    XL:     8   Next: 28%
Magic:  17/17      EV: 20    Int: 20    God:    Gozag
Gold:   1570       SH:  0    Dex: 22    Spells: 1/18 levels left
                                        Lives:  0   Deaths: 2

rFire    . . .     SeeInvis +   (weapon unavailable)
rCold    . . .     Faith    .   (shield unavailable)
rNeg     . . .     Spirit   .   (armour unavailable)
rPois    .         Reflect  .   (helmet unavailable)
rElec    .         Harm     .   (cloak unavailable)
rCorr    .         Rampage  .   (gloves unavailable)
Will     +....                  (boots unavailable)
Stlth    +++.......             m - amulet of regeneration
HPRegen  1.10/turn              k - +6 ring of dexterity
MPRegen  0.15/turn              (no ring)

@: studying Unarmed Combat, quick
A: very small, claws 1, fangs 3, see invisible, speed 1, shaggy fur 2, stealthy
paws, no weapons or thrown items, no armour, multi-lived
a: Renounce Religion, Potion Petition, Call Merchant, Bribe Branch


You were on level 8 of the Dungeon.
You worshipped Gozag.
Gozag was most pleased with you.
You visited 2 branches of the dungeon, and saw 9 of its levels.
You also visited: Ossuary.

You collected 2147 gold pieces.
You paid 577 gold pieces to Gozag.

Inventory:

Jewellery
 k - a +6 ring of dexterity (left paw)
 m - an amulet of regeneration (around neck)
Wands
 a - a wand of charming (10)
 n - a wand of polymorph (3)
Scrolls
 b - 2 scrolls of teleportation
 i - 2 scrolls of fear
 j - 3 scrolls of noise {unknown}
 l - 2 scrolls of identify
 o - a scroll of fog
Potions
 c - 4 potions of curing
 d - 3 potions of heal wounds
 e - a potion of attraction
 f - 2 potions of brilliance
 g - a potion of flight
 h - a potion of lignification
 p - 3 potions of invisibility {unknown}


   Skills:
 + Level 4.5 Dodging
 - Level 2.7 Stealth
 - Level 0.2 Unarmed Combat
 - Level 5.7 Spellcasting
 - Level 4.0 Hexes
 * Level 10.3 Summonings
 - Level 4.0 Ice Magic
 + Level 4.7 Air Magic


You had one spell level left.
You knew the following spells:

 Your Spells              Type           Power      Damage    Failure   Level
a - Summon Small Mammal   Summ           100%       N/A       1%          1
b - Call Imp              Summ           47%        N/A       1%          2
c - Call Canine Familiar  Summ           47%        N/A       1%          3
d - Summon Ice Beast      Ice/Summ       34%        N/A       5%          4
e - Summon Guardian Gole  Hex/Summ       34%        N/A       1%          3
f - Summon Lightning Spi  Summ/Air       35%        N/A       4%          4

Your spell library contained the following spells:

 Spells                   Type           Power      Damage    Failure   Level
 Foxfire                  Conj/Fire      20%        2x1d5     11%         1
 Slow                     Hex            21%        N/A       3%          2
 Confusing Touch          Hex            21%        N/A       6%          3
 Frozen Ramparts          Ice            42%        1d6       6%          3
 Inner Flame              Hex/Fire       13%        N/A       14%         3
 Conjure Flame            Conj/Fire      5%         6-21      32%         3
 Ice Form                 Ice/Tmut       13%        N/A       43%         4
 Yara's Violent Unravell  Hex/Tmut       6%         3d5       78%         5


Dungeon Overview and Level Annotations

Branches:
Dungeon (8/15)             Temple (1/1) D:6         Ossuary (visited)
   Lair: D:8-11

Altars:
Ashenzari
Cheibriados
Dithmenos
Elyvilon
Gozag
Hepliaklqana
Makhleb
Nemelex Xobeh
Okawaru
Qazlal
Ru
Sif Muna
Trog
Uskayaw
Wu Jian
Xom
Yredelemnul
Zin
The Shining One

Shops:
D:8 ?

Annotations:
D:2 Terence
D:8 Erica


Innate Abilities, Weirdness & Mutations

You have sharp claws.
You have razor-sharp teeth.
You have supernaturally acute eyesight. (SInv)
You cover ground quickly. (Speed+)
You are covered in thick fur. (AC +2)
Your paws help you pounce on unaware monsters.
You are incapable of wielding weapons or throwing items.
You cannot wear armour.
You gain extra lives every three experience levels.


Message History

Erica zaps a wand.
The mass of ice explodes!
The iceblast engulfs you!!
Ouch! That really hurt!
* * * LOW HITPOINT WARNING * * *
Unknown command.
Okay, then.
As you read the scroll of fear, it crumbles to dust.
You assume a fearsome visage.
Erica resists with almost no effort.
The orc wizard looks frightened!
Unknown command.
You feel much better.
You swap places.
Your guardian golem disappears in a puff of smoke!
Erica hits your wolf with a +3 scimitar of flaming!
Erica burns your wolf!
Your wolf dies!
Your wolf's corpse disappears in a puff of smoke!
The orc wizard completely misses you.
As you read the scroll of teleportation, it crumbles to dust.
You feel strangely unstable.
Erica zaps a wand.
The mass of ice explodes!
The iceblast engulfs you!!
Ouch! That really hurt!
* * * LOW HITPOINT WARNING * * *
The iceblast engulfs the orc wizard!!
The orc wizard dies!
Casting: Call Canine Familiar (safe; 1% risk of failure)
Confirm with . or Enter, or press ? or * to list all spells.
A guardian golem appears, shielding your allies.
Erica points at you and mumbles some strange words.
You easily resist.
Unknown command.
Erica zaps a wand.
The mass of ice explodes!
The iceblast engulfs you!
You die...
The iceblast engulfs your guardian golem.
Your guardian golem partially resists.
You are now level 8!
You rejoin the land of the living...
You start waiting.
Done waiting.
Found 13 gold pieces.
Are you sure you want to abandon this character and quit the game? (Confirm with "yes".)

..## ..# ... #.
..# ..#
###.#####. . ...
..# ..∩....... .
.. #.# #.#.......
#.$. #.#
#.#######. #.#.
#.# #.# ... #.#
#.# #.#
#.#.#####.# #.#
#.# #...@.....#
#.#
#.#$......#######
#.# #.#######.
#.## #.# #.
...####.#### #.
≈..........# ##
≈..........#
...........#
.......≈...#


There were no monsters in sight!

Vanquished Creatures
  A centaur skeleton (D:5)
  A jelly (D:5)
  An iguana (D:3)
  A howler monkey skeleton (D:6)
  An ufetubus (D:5)
  A worm (D:4)
  A dart slug (D:2)
  2 orcs
  2 ball pythons
  3 bats
  3 endoplasms
  4 giant cockroaches
  5 hobgoblins
  3 kobolds
  A quokka (D:4)
  4 goblins
  A rat (D:3)
35 creatures vanquished.

Vanquished Creatures (collateral kills)
  An orc warrior (D:6)
  2 ice beasts
  A black bear (D:5)
  3 ogres
  3 necrophages
  A centaur (D:7)
  A bullfrog (D:6)
  3 scorpions
  A water moccasin zombie (D:6)
  A killer bee (D:8)
  3 wights (D:7)
  A howler monkey (D:8)
  A human zombie (Ossuary)
  2 bullfrog zombies
  4 orc priests
  A gnoll shaman (D:7)
  A hound (D:7)
  3 jellies
  3 centaur skeletons (D:7)
  An iguana (D:6)
  3 bullfrog skeletons
  8 orc wizards
  2 killer bee zombies
  4 mummies (Ossuary)
  6 adders
  3 gnolls (D:7)
  A howler monkey skeleton (D:6)
  2 river rats (D:4)
  A white imp (D:5)
  An adder zombie (Ossuary)
  A worm (D:2)
  A dart slug (D:3)
  22 orcs
  7 ball pythons
  4 endoplasms
  A gnoll zombie (Ossuary)
  4 goblins
  6 hobgoblins
  3 jackals (D:2)
  A kobold (D:1)
  3 quokkas
  3 frilled lizards
  3 goblin zombies (Ossuary)
  3 hobgoblin zombies (Ossuary)
  A jackal zombie (Ossuary)
  An orc zombie (Ossuary)
  5 rats
  A rat zombie (Ossuary)
138 creatures vanquished.

Vanquished Creatures (others)
  A deep elf pyromancer (D:8)
  Maggie (D:7)
  6 yaks (D:5)
  A water moccasin (D:7)
  3 orc warriors
  A centaur (D:7)
  5 killer bees (D:8)
  A centaur skeleton (D:7)
  An orc wizard (D:8)
  An orc (D:6)
21 creatures vanquished.

Grand Total: 194 creatures vanquished

Notes
Turn   | Place    | Note
-------+----------+-------------------------------------------
     0 | D:1      | Lorrdernie the Felid Summoner began the quest for the Orb.
     0 | D:1      | Reached XP level 1. HP: 7/7 MP: 4/4
   671 | D:1      | Reached XP level 2. HP: 11/11 MP: 1/6
  1212 | D:1      | Learned a level 2 spell: Call Imp
  1992 | D:2      | Noticed Terence
  2137 | D:2      | Reached XP level 3. HP: 9/14 MP: 3/7
  2141 | D:2      | Learned a level 3 spell: Call Canine Familiar
  3694 | D:3      | Reached skill level 5 in Summonings
  3694 | D:3      | Reached XP level 4. HP: 17/18 MP: 3/9
  4483 | D:4      | Found a shimmering blue altar of Sif Muna.
  4666 | D:4      | Found a shadowy altar of Dithmenos.
  4725 | D:4      | Found an ornate altar of the Wu Jian Council.
  5062 | D:4      | Noticed an ice beast
  5080 | D:4      | Killed an ice beast
  5081 | D:4      | Reached XP level 5. HP: 21/21 MP: 1/10
  5461 | D:5      | Entered Level 5 of the Dungeon
  5571 | D:5      | Reached skill level 6 in Summonings
  5767 | D:5      | Noticed a black bear
  5774 | D:5      | Learned a level 4 spell: Summon Ice Beast
  5795 | D:5      | Killed a black bear
  6015 | D:5      | Gained mutation: You are covered in thick fur. (AC +2)
                  | [Felid growth]
  6015 | D:5      | Reached XP level 6. HP: 16/24 MP: 12/12
  6226 | D:5      | Found an iron altar of Okawaru.
  6253 | D:5      | Reached skill level 1 in Ice Magic
  7323 | D:5      | Noticed a yak
  7324 | D:5      | Noticed a yak
  7324 | D:5      | Noticed a yak
  7324 | D:5      | Noticed a yak
  7342 | D:5      | Noticed a yak
  7500 | D:6      | Learned a level 3 spell: Summon Guardian Golem
  7584 | D:5      | Noticed a yak
  7592 | D:5      | Killed a yak
  7593 | D:5      | Reached skill level 1 in Hexes
  7593 | D:5      | Reached skill level 7 in Summonings
  7593 | D:5      | Reached XP level 7. HP: 27/27 MP: 11/14
  7621 | D:5      | Killed a yak
  7635 | D:5      | Killed a yak
  7647 | D:5      | Killed a yak
  7648 | D:5      | Reached XP level 8. HP: 31/31 MP: 6/16
  7679 | D:5      | Reached skill level 8 in Summonings
  7920 | D:6      | Reached skill level 5 in Spellcasting
  8113 | D:6      | Reached skill level 1 in Air Magic
  8322 | D:6      | Found a staircase to the Ecumenical Temple.
  8336 | Temple   | Entered the Ecumenical Temple
  8540 | Temple   | Became a worshipper of Gozag Ym Sagoz the Greedy
  9143 | D:7      | Learned a level 4 spell: Summon Lightning Spire
  9416 | D:7      | Noticed Maggie
  9439 | D:7      | Killed Maggie
  9439 | D:7      | Killed by an exploding themself... ignited by their inner
                  | flame
  9440 | D:7      | Reached XP level 7. HP: -31/27 MP: 11/16
  9440 | D:7      | Reached skill level 9 in Summonings
  9440 | D:7      | Reached XP level 8. HP: 31/31 MP: 17/17
 10417 | D:7      | HP: 1/31 [centaur/arrow (3)]
 10531 | D:8      | Noticed a deep elf pyromancer
 10578 | D:8      | Killed a deep elf pyromancer
 10579 | D:8      | Reached XP level 9. HP: 34/34 MP: 10/18
 10596 | D:8      | Reached skill level 10 in Summonings
 10654 | D:8      | Identified a scroll of acquirement
 10654 | D:8      | Acquired 996 gold pieces
 11006 | D:8      | Found a shimmering altar of Xom.
 11048 | D:8      | Found a glowing golden altar of the Shining One.
 11113 | D:8      | Found a sparkling altar of Nemelex Xobeh.
 11114 | D:8      | Noticed Erica
 11116 | D:8      | Found a sand-covered staircase.
 11121 | Ossuary  | Entered an ossuary
 11607 | D:8      | HP: 1/34 [Erica/iceblast (21)]
 11614 | D:8      | Killed from afar by Erica
 11615 | D:8      | Reached XP level 8. HP: 0/31 MP: 13/17
 11722 | D:8      | Quit the game

Illustrated notes

Levels and vault maps discovered:
D:1:      dpeg_arrival_boxorama, layout_basic, st_stairs_13, chequers_garden
D:2:      layout_rooms, kennysheep_another_room, uniq_terence
D:3:      layout_loops_corners
D:4:      layout_loops_ring, nicolae_sif_muna_condensation,
          grunt_dithmenos_smoke_and_mirrors, mainiacjoe_overflow_alcove_4,
          portal_sewer_entry_e
D:5:      layout_basic, okawaru_trees_1
D:6:      layout_rooms, temple_doors_cd
D:7:      layout_loops_cross, minmay_misc_feat_secret_circle, uniq_maggie
D:8:      layout_basic, mainiacjoe_overflow_two_lobes,
          nemelex_xobeh_ov_fountains_minmay, enter_ossuary_2, uniq_erica
Temple:   minmay_temple_bridge_abc

Skill      XL: |  1  2  3  4  5  6  7  8  9 |
---------------+----------------------------+-----
Summonings     | 5 6 7 9 8 10 | 10.3
Spellcasting   | 3 4 5 |  5.7
Ice Magic      | 2 4 3 |  4.0
Hexes          | 1 3 4 |  4.0
Air Magic      | 3 4 |  4.7
Dodging        | 3 4 |  4.5
Stealth        | |  2.7
Unarmed Combat | |  0.2

Action                   |  1- 3 |  4- 6 |  7- 9 || total
-------------------------+-------+-------+-------++-------
Melee: Unarmed           |    64 |    63 |    34 ||   161
       Bite              |     8 |     4 |     9 ||    21
 Cast: Summon Small Mamm |    71 |     8 |     7 ||    86
       Call Imp          |    16 |    29 |    32 ||    77
       Call Canine Famil |     7 |    17 |    38 ||    62
       Summon Guardian G |       |     1 |    22 ||    23
       Summon Lightning  |       |       |     4 ||     4
       Summon Ice Beast  |       |       |     1 ||     1
Invok: Call Merchant     |       |       |     1 ||     1
  Use: Scroll            |       |     9 |    14 ||    23
       Potion            |       |       |     2 ||     2
 Stab: Distracted        |     1 |     3 |     2 ||     6
       Sleeping          |     1 |     1 |     1 ||     3
Armor: Skin              |    10 |     5 |     5 ||    20
Dodge: Dodged            |    68 |    70 |    70 ||   208
